 Dungeon Crawl Stone Soup version 0.21.1-1-g345015f (webtiles) character file.

757 tidbits the Covert (level 7, -5/56 HPs)
             Began as a Gnoll Assassin on Mar 30, 2018.
             Killed themself with a badly aimed iceblast (26 damage)
             ... on level 6 of the Dungeon.
             The game lasted 00:13:05 (1400 turns).

tidbits the Covert (Gnoll Assassin)                 Turns: 1400, Time: 00:13:06

Health: -5/56      AC:  3    Str: 13    XL:     7   Next: 79%
Magic:  10/11      EV: 14    Int: 15    God:
Gold:   164        SH:  0    Dex: 19    Spells: 11/11 levels left

rFire    + . .     SeeInvis .   y - +0 dagger (speed)
rCold    . . .     Gourm    .   (no shield)
rNeg     . . .     Faith    .   g - +0 robe
rPois    .         Spirit   .   (no helmet)
rElec    .         Reflect  .   d - +0 cloak
rCorr    .         Harm     +   (no gloves)
MR       .....                  (no boots)
Stlth    +++++.....             x - amulet of harm
HPRegen  0.18/turn              A - ring of protection from fire
MPRegen  0.12/turn              (no ring)

@: lethally poisoned (-5 -> -19), drained
A: distributed training, fangs 1, thin skeletal structure 1, evolution 2, strong
nose
a: no special abilities


You were on level 6 of the Dungeon.
You were hungry.

You visited 1 branch of the dungeon, and saw 6 of its levels.

You collected 164 gold pieces.

Inventory:

Hand Weapons
 a - a +2 dagger
 b - a +0 blowgun
 w - the +4 spear "Sismi" {vamp, Str+2 SInv, unknown}
   (You found it on level 4 of the Dungeon)

   It inflicts no extra harm, but heals its wielder when it wounds a living foe.
   It affects your strength (+2).
   It lets you see invisible.
 y - a +0 dagger of speed (weapon)
   (You found it on level 3 of the Dungeon)
Missiles
 e - 8 poisoned needles
 h - 2 tomahawks (quivered)
 s - 12 arrows
Armour
 d - a +0 cloak (worn)
 g - a +0 robe (worn)
Jewellery
 x - an amulet of harm (around neck)
   (You found it on level 4 of the Dungeon)
 A - a ring of protection from fire (left hand)
   (You found it on level 4 of the Dungeon)
Wands
 f - a wand of random effects (21)
 z - a wand of enslavement (14)
 B - a wand of polymorph (28)
Scrolls
 m - a scroll of enchant armour {unknown}
 n - 2 scrolls of fog
 q - a scroll of teleportation
 r - a scroll of random uselessness
 u - a scroll of remove curse
 v - a scroll of amnesia {unknown}
 C - a scroll of enchant weapon {unknown}
Potions
 i - 3 potions of degeneration {unknown}
 j - 4 potions of curing
 k - 4 potions of agility {unknown}
 l - a potion of might
 o - 2 potions of heal wounds
 p - a potion of berserk rage
 D - a potion of magic {unknown}
Comestibles
 c - 7 rations


   Skills:
 + Level 5.3 Fighting
 + Level 5.3 Short Blades
 + Level 2.6 Long Blades
 + Level 2.6 Axes
 + Level 2.6 Maces & Flails
 + Level 2.6 Polearms
 + Level 2.6 Staves
 + Level 2.6 Slings
 + Level 2.6 Bows
 + Level 2.6 Crossbows
 + Level 5.3 Throwing
 + Level 2.6 Armour
 + Level 3.7 Dodging
 + Level 8.3(8.2) Stealth
 + Level 2.6 Shields
 + Level 2.6 Unarmed Combat
 + Level 2.6 Spellcasting
 + Level 2.1 Conjurations
 + Level 2.1 Hexes
 + Level 2.1 Charms
 + Level 2.1 Summonings
 + Level 2.1 Necromancy
 + Level 2.1 Translocations
 + Level 2.1 Transmutations
 + Level 2.1 Fire Magic
 + Level 2.1 Ice Magic
 + Level 2.1 Air Magic
 + Level 2.1 Earth Magic
 + Level 2.1 Poison Magic
 + Level 3.0(2.9) Invocations
 + Level 2.6 Evocations


You had 11 spell levels left.
You didn't know any spells.

Dungeon Overview and Level Annotations

Branches:
Dungeon (6/15)
 Temple: D:4-7

Altars:

Shops:
D:5 =


Innate Abilities, Weirdness & Mutations

Your experience applies equally to all skills.
You have very sharp teeth.
Your uncanny sense of smell can sniff out nearby items.
You have a somewhat thin skeletal structure. (Dex +2, Stealth)
You rapidly evolve.


Message History

The killer bee is charmed.
Something closely misses your killer bee.
Your killer bee stings something!
You see here a ruby potion.
D - a ruby potion
Press: ? - help, v - describe, . - travel The floor.
Reduced exclusion size to a single square.
Removed exclusion.
You feel a bit more experienced.
An adder skeleton comes into view.
You see here a ring mail.
A shadow imp comes into view.
What are your orders? t - Bark!
Orders for allies: a - Attack new target. p - Attack previous target. r - Retreat! s - Stop attacking. g - Guard the area. f - Follow me.
Anything else - Cancel.
Gang up on whom?
Press: ? - help, Dir - move target cursor, f - wight, p - killer bee
Aim: a wight, wielding an enchanted halberd and wearing a robe Attack!
The wight hits you from afar with an enchanted halberd!
* * * LOW HITPOINT WARNING * * *
You feel drained.
* * * LOW HITPOINT WARNING * * *
Your killer bee stings the wight but does no damage.
Your killer bee barely misses something.
Your killer bee stings something!
Something barely misses your killer bee.
Your killer bee closely misses something.
Your killer bee stings something.
Something barely misses your killer bee.
Your killer bee misses something.
Your killer bee stings something.
A giant cockroach comes into view.
Your killer bee barely misses something.
Something completely misses your killer bee.
Your killer bee misses something.
Your killer bee misses something.
Something hits your killer bee.
Your killer bee stings something but does no damage.
The giant cockroach closely misses your killer bee.
Your killer bee stings something but does no damage.
The giant cockroach closely misses your killer bee.
Something misses your killer bee.
Your killer bee stings something but does no damage.
Your killer bee stings something but does no damage.
The giant cockroach closely misses your killer bee.
Something misses your killer bee.
Your killer bee misses something.
Your killer bee barely misses something.
Your killer bee completely misses something.
Something hits your killer bee!
Your killer bee stings something.
You feel a bit more experienced.
Your killer bee looks stronger.
Your killer bee stings the giant cockroach.
The giant cockroach dies!
Your killer bee stings something!
Something misses your killer bee.
Your killer bee stings something!
You feel a bit more experienced.
You feel a bit more experienced.
Unknown command.
You swap places.
The killer bee is no longer charmed.
The killer bee stings you.
* * * LOW HITPOINT WARNING * * *
You are poisoned.
The killer bee poisons you!
Items here: $ ) [[ an enchanted halberd; a robe; 10 gold pieces; a ring mail Fire/throw which item? (* to show all) (? for menu, Esc to quit)
Really fire
t - a throwing net {!f}?
Press: ? - help, Shift-Dir - straight line, f - killer bee
Aim: a killer bee (heavily wounded)
You throw a throwing net {!f}.
The throwing net {!f} hits the killer bee.
The killer bee is caught in the net!
The killer bee is heavily wounded.
You feel sick.
The killer bee struggles against the net.
You hit the killer bee but do no damage.
You bite the killer bee, but do no damage.
The killer bee is heavily wounded.
The killer bee struggles against the net.
The net rips apart, and the killer bee comes free!
Evoke which item? (* to show all) (? for menu, Esc to quit)
Aiming: Random Effects
Press: ? - help, Shift-Dir - straight line, f/p - killer bee
Aim: a killer bee (moderately wounded)
The killer bee twists and deforms.
You feel sick. The killer bee stings you.
* * * LOW HITPOINT WARNING * * *
You are more poisoned.
The killer bee poisons you! The killer bee stings you.
* * * LOW HITPOINT WARNING * * *
Evoke which item? (* to show all) (? for menu, Esc to quit)
Aiming: Random Effects
Press: ? - help, Shift-Dir - straight line, f/p - killer bee
Aim: a killer bee (moderately wounded, misshapen and mutated)
The mass of ice explodes!
The iceblast engulfs the killer bee.
You kill the killer bee!
Your base Invocations skill increases to level 3!
The iceblast engulfs you!
You die...

# ###∆ ∆ #... .. ..
#....#. ∆ .#
###...[#.###%#∆
.......#....)#
.........#..$..#
.#..###.#.###.#
#......#..!..#
#...#..@..#
#...#.###$# ###. #.
#...#.....#.....
#..##.....#.....#
#..###....#%###.#
###...###...#.....#
##..............#.....
##...............#
###.
##............#...#


There were no monsters in sight!

Vanquished Creatures
  A hornet (D:6)
  A wyvern (D:6)
  A killer bee (D:6)
  An ogre (D:4)
  A hound (D:4)
  Jessica (D:3)
  An iguana (D:4)
  2 worker ants (D:4)
  3 adders
  An ooze (D:4)
  An adder skeleton (D:4)
  2 worms (D:2)
  4 dart slugs
  A leopard gecko (D:2)
  6 bats
  A giant cockroach (D:2)
  4 hobgoblins
  A ball python (D:3)
  3 frilled lizards
  2 goblins (D:1)
  10 kobolds
  5 rats
53 creatures vanquished.

Vanquished Creatures (collateral kills)
  A centaur (D:6)
  A wight (D:6)
  A shadow imp (D:6)
  An adder skeleton (D:6)
  A giant cockroach (D:6)
5 creatures vanquished.

Vanquished Creatures (others)
  2 fungi (D:3)
  9 toadstools (D:3)
11 creatures vanquished.

Grand Total: 69 creatures vanquished

Notes
Turn   | Place    | Note
-------+----------+-------------------------------------------
     0 | D:1      | tidbits the Gnoll Assassin began the quest for the Orb.
     0 | D:1      | Reached XP level 1. HP: 20/20 MP: 1/1
    49 | D:1      | Reached XP level 2. HP: 26/26 MP: 2/2
   101 | D:2      | Reached XP level 3. HP: 8/31 MP: 3/3
   169 | D:2      | Reached skill level 1 in Invocations
   475 | D:2      | Reached skill level 1 in Long Blades
   475 | D:2      | Reached skill level 1 in Axes
   475 | D:2      | Reached skill level 1 in Maces & Flails
   475 | D:2      | Reached skill level 1 in Polearms
   475 | D:2      | Reached skill level 1 in Staves
   475 | D:2      | Reached skill level 1 in Slings
   475 | D:2      | Reached skill level 1 in Bows
   475 | D:2      | Reached skill level 1 in Crossbows
   475 | D:2      | Reached skill level 1 in Armour
   475 | D:2      | Reached skill level 1 in Shields
   475 | D:2      | Reached skill level 1 in Unarmed Combat
   475 | D:2      | Reached skill level 1 in Spellcasting
   475 | D:2      | Reached skill level 1 in Evocations
   519 | D:2      | Reached XP level 4. HP: 38/38 MP: 5/5
   536 | D:3      | Gained mutation: You evolve. [potion of mutation]
   536 | D:3      | Gained mutation: You rapidly evolve. [potion of mutation]
   833 | D:4      | Got a warped spear
   949 | D:4      | Reached skill level 1 in Conjurations
   949 | D:4      | Reached skill level 1 in Hexes
   949 | D:4      | Reached skill level 1 in Charms
   949 | D:4      | Reached skill level 1 in Summonings
   949 | D:4      | Reached skill level 1 in Necromancy
   949 | D:4      | Reached skill level 1 in Translocations
   949 | D:4      | Reached skill level 1 in Transmutations
   949 | D:4      | Reached skill level 1 in Fire Magic
   949 | D:4      | Reached skill level 1 in Ice Magic
   949 | D:4      | Reached skill level 1 in Air Magic
   949 | D:4      | Reached skill level 1 in Earth Magic
   949 | D:4      | Reached skill level 1 in Poison Magic
   968 | D:5      | Entered Level 5 of the Dungeon
  1011 | D:4      | Reached XP level 5. HP: 29/43 MP: 5/7
  1032 | D:4      | Reached skill level 3 in Dodging
  1070 | D:3      | Noticed Jessica
  1075 | D:3      | Killed Jessica
  1093 | D:2      | Gained mutation: You have a somewhat thin skeletal structure. (Dex +2, Stealth) [evolution]
  1097 | D:2      | Reached skill level 8 in Stealth
  1193 | D:4      | Noticed an ogre
  1201 | D:4      | Killed an ogre
  1201 | D:4      | Reached skill level 2 in Invocations
  1201 | D:4      | Reached XP level 6. HP: 44/50 MP: 8/8
  1298 | D:5      | Found Becomoy's Jewellery Shop.
  1324 | D:6      | Noticed a wyvern
  1344 | D:6      | Killed a wyvern
  1344 | D:6      | Reached skill level 5 in Fighting
  1344 | D:6      | Reached skill level 5 in Short Blades
  1344 | D:6      | Reached skill level 2 in Long Blades
  1344 | D:6      | Reached skill level 2 in Axes
  1344 | D:6      | Reached skill level 2 in Maces & Flails
  1344 | D:6      | Reached skill level 2 in Polearms
  1344 | D:6      | Reached skill level 2 in Staves
  1344 | D:6      | Reached skill level 2 in Slings
  1344 | D:6      | Reached skill level 2 in Bows
  1344 | D:6      | Reached skill level 2 in Crossbows
  1344 | D:6      | Reached skill level 5 in Throwing
  1344 | D:6      | Reached skill level 2 in Armour
  1344 | D:6      | Reached skill level 2 in Shields
  1344 | D:6      | Reached skill level 2 in Unarmed Combat
  1344 | D:6      | Reached skill level 2 in Spellcasting
  1344 | D:6      | Reached skill level 2 in Evocations
  1344 | D:6      | Reached XP level 7. HP: 33/56 MP: 8/10
  1354 | D:6      | Noticed a hornet
  1363 | D:6      | Killed a hornet
  1363 | D:6      | Reached skill level 2 in Conjurations
  1363 | D:6      | Reached skill level 2 in Hexes
  1363 | D:6      | Reached skill level 2 in Charms
  1363 | D:6      | Reached skill level 2 in Summonings
  1363 | D:6      | Reached skill level 2 in Necromancy
  1363 | D:6      | Reached skill level 2 in Translocations
  1363 | D:6      | Reached skill level 2 in Transmutations
  1363 | D:6      | Reached skill level 2 in Fire Magic
  1363 | D:6      | Reached skill level 2 in Ice Magic
  1363 | D:6      | Reached skill level 2 in Air Magic
  1363 | D:6      | Reached skill level 2 in Earth Magic
  1363 | D:6      | Reached skill level 2 in Poison Magic
  1400 | D:6      | Reached skill level 3 in Invocations
  1400 | D:6      | Killed themself with a badly aimed iceblast

Skill      XL: |  1  2  3  4  5  6  7 |
---------------+----------------------+-----
Invocations    | 1 2 3 |  3.0
Long Blades    | 1 2 |  2.6
Axes           | 1 2 |  2.6
Maces & Flails | 1 2 |  2.6
Polearms       | 1 2 |  2.6
Staves         | 1 2 |  2.6
Slings         | 1 2 |  2.6
Bows           | 1 2 |  2.6
Crossbows      | 1 2 |  2.6
Armour         | 1 2 |  2.6
Shields        | 1 2 |  2.6
Unarmed Combat | 1 2 |  2.6
Spellcasting   | 1 2 |  2.6
Evocations     | 1 2 |  2.6
Conjurations   | 1 2 |  2.1
Hexes          | 1 2 |  2.1
Charms         | 1 2 |  2.1
Summonings     | 1 2 |  2.1
Necromancy     | 1 2 |  2.1
Translocations | 1 2 |  2.1
Transmutations | 1 2 |  2.1
Fire Magic     | 1 2 |  2.1
Ice Magic      | 1 2 |  2.1
Air Magic      | 1 2 |  2.1
Earth Magic    | 1 2 |  2.1
Poison Magic   | 1 2 |  2.1
Dodging        | 3 |  3.7
Stealth        | 8 |  8.3
Fighting       | 5 |  5.3
Short Blades   | 5 |  5.3
Throwing       | 5 |  5.3

Action                   |  1- 3 |  4- 6 |  7- 9 || total
-------------------------+-------+-------+-------++-------
Melee: Dagger            |    62 |    74 |     2 ||   138
       Unarmed           |    23 |       |       ||    23
       Bite              |     3 |    11 |     1 ||    15
 Fire: Blowgun           |       |     4 |       ||     4
Throw: Throwing net      |       |       |     1 ||     1
Evoke: Wand              |       |       |     2 ||     2
  Use: Potion            |     2 |     1 |       ||     3
       Scroll            |     3 |     8 |       ||    11
 Stab: Sleeping          |    13 |     5 |     1 ||    19
  Eat: Chunk             |       |       |     1 ||     1
Armor: Robe              |     9 |     3 |     1 ||    13
       Skin              |    47 |       |       ||    47
Dodge: Dodged            |    41 |    35 |     2 ||    78

Table legend:
 A = Turns spent in this place as a percentage of turns spent in the entire game.
 B = Non-inter-level travel turns spent in this place as a percentage of non-inter-level travel turns spent in the entire game.
 C = Inter-level travel turns spent in this place as a percentage of turns spent in this place.
 D = Turns resting spent in this place as a percentage of non-inter-level travel turns spent in this place.
 E = Turns spent auto-exploring this place as a percentage of non-inter-level travel turns spent in this place.
 F = Non-inter-level travel turns spent in this place divided by the number of levels of this place that you've seen.
                   A       B       C       D       E      F
               +-------+-------+-------+-------+-------+----------------------
         Total | 100.0 | 100.0 |   0.0 |   0.0 |   0.0 | 233.3
       Dungeon | 100.0 | 100.0 |   0.0 |   0.0 |   0.0 | 233.3
               +-------+-------+-------+-------+-------+----------------------

Table legend:
 A = Kills in this place as a percentage of kills in entire the game.
 B = Kills by you in this place as a percentage of kills by you in the entire game.
 C = Kills by friends in this place as a percentage of kills by friends in the entire game.
 D = Other kills in this place as a percentage of other kills in the entire game.
 E = Experience gained in this place as a percentage of experience gained in the entire game.
 F = Experience gained in this place divided by the number of levels of this place that you have seen.
                   A       B       C       D       E      F
               +-------+-------+-------+-------+-------+----------------------
         Total | 100.0 | 100.0 | 100.0 |   N/A | 100.0 | 180.3
       Dungeon | 100.0 | 100.0 | 100.0 |   N/A | 100.0 | 180.3
               +-------+-------+-------+-------+-------+----------------------

Vault maps used:
D:1:      eino_arrival_druids_welcome, serial_forest, infiniplex_forest_clump_C,
          infiniplex_forest_clump_large, infiniplex_forest_straight_2,
          infiniplex_forest_straight_2, infiniplex_forest_clump_long,
          infiniplex_forest_lined_3_way
D:3:      cheibrodos_fertilizer, uniq_jessica
D:5:      serial_shops, shop, first_ration, hex_tiny, feat_on_display,
          uniq_menkaure
D:6:      hangedman_cross_stitches, minmay_temple_entry_poolview
